 Dungeon Crawl Stone Soup version 0.27-a0-1417-g4c841f6 (webtiles) character file.

Game seed: 9648318557072279797

1539 Toastz the Carver (level 8, 0/74 HPs)
             Began as a Minotaur Berserker on July 1, 2021.
             Was an Elder of Trog.
             Succumbed to Dowan's poison
             ... on level 5 of the Dungeon.
             The game lasted 00:13:56 (4504 turns).

Toastz the Carver (Minotaur Berserker)              Turns: 4504, Time: 00:13:56

Health: 0/74       AC:  8    Str: 23 (25) XL:     8   Next: 56%
Magic:  9/16       EV: 11    Int:  5 (6)  God:    Trog [****..]
Gold:   115        SH:  0    Dex: 10 (11) Spells: 7/7 levels left

rFire    + . .     SeeInvis .   a - +1 falchion (freeze)
rCold    . . .     Faith    .   (no shield)
rNeg     . . .     Spirit   +   f - +3 ring mail {rF+}
rPois    .         Reflect  .   (helmet restricted)
rElec    .         Harm     .   (no cloak)
rCorr    .         Rampage  .   (no gloves)
Will     .....     Rnd*Rage +   (no boots)
Stlth    +.........             o - amulet of guardian spirit
HPRegen  0.22/turn              i - ring of magical power
MPRegen  0.15/turn              (no ring)

@: mighty, lethally poisoned (0 -> -3), on berserk cooldown, attractive, flying,
hasted and slowed
A: horns 2, retaliatory headbutt, thin skeletal structure 1, berserk 1, clever
1, MP-powered wands
a: Renounce Religion, Berserk, Trog's Hand, Brothers in Arms


You were on level 5 of the Dungeon.
You worshipped Trog.
Trog was greatly pleased with you.
You visited 1 branch of the dungeon, and saw 5 of its levels.

You collected 115 gold pieces.

Inventory:

Hand Weapons
 a - a +1 falchion of freezing (weapon)
 b - a +0 hunting sling
Missiles
 h - 3 throwing nets (quivered)
 l - 172 stones
 m - 9 poisoned darts
 u - 17 sling bullets
Armour
 c - a +0 chain mail
 f - a +3 ring mail of fire resistance (worn)
Jewellery
 i - a ring of magical power (left hand)
 o - an amulet of guardian spirit (around neck)
Wands
 v - a wand of digging (6)
Scrolls
 e - a scroll of amnesia {unknown}
 q - a scroll of enchant armour
 r - 2 scrolls of teleportation
 s - a scroll of identify {unknown}
 w - a scroll of brand weapon
 x - a scroll of vulnerability {unknown}
Potions
 g - a potion of haste
 j - a potion of might


   Skills:
 + Level 8.2 Fighting
 + Level 10.5 Long Blades
 + Level 4.2 Armour
 - Level 2.1 Dodging


You had 7 spell levels left.
You didn't know any spells.
Your spell library was empty.

Dungeon Overview and Level Annotations

Branches:
Dungeon (5/15)
 Temple: D:4-7

Altars:


Innate Abilities, Weirdness & Mutations

You have a pair of horns on your head.
You reflexively headbutt those who attack you in melee.
You have a somewhat thin skeletal structure. (Dex +2, Stealth+)
You tend to lose your temper in combat.
Your mind is acute. (Int +2)
You expend magic power (3 MP) to strengthen your wands.


Message History

You miss Dowan.
Dowan is almost dead.
* * * LOW HITPOINT WARNING * * *
You feel very sick. Dowan barely misses you. Dowan closely misses you.
You furiously retaliate!
You headbutt Dowan!
You kill Dowan!
Trog accepts your kill.
Trog appreciates your killing of a magic user.
There is a lethal amount of poison in your body!
It was a potion of haste.
You feel yourself speed up.
* * * LOW HITPOINT WARNING * * *
You feel very sick.
It was a potion of might.
You feel very mighty all of a sudden.
* * * LOW HITPOINT WARNING * * *
You feel very sick.
It was a potion of degeneration.
There was something very wrong with that liquid.
You feel weakened.
You feel dopey.
You feel clumsy.
* * * LOW HITPOINT WARNING * * *
You feel sick.
It was a potion of berserk rage.
You're still recovering from your berserk rage.
* * * LOW HITPOINT WARNING * * *
You feel sick.
It was a potion of mutation.
You feel extremely strange.
You feel a little pissed off.
You feel clever.
You feel your magical essence link to the dungeon's wands.
Your bones become slightly less dense.
* * * LOW HITPOINT WARNING * * *
You feel sick.
It was a potion of flight.
You feel very buoyant.
You fly up into the air.
* * * LOW HITPOINT WARNING * * *
You feel sick.
It was a potion of attraction.
You feel attractive to monsters.
You die...

#.###.#.#.########
#.##.............#
#.##>##.#.######.##
##.##. #.#.# #...##
...##. #...# #..(.
...##. ##..##
#...## ##.# #...#
#.... ...##. #...#
#).# .>....# #...#
#@.###### #..##.#
#...####))......
......
#........#######
..........#.######
#..#...#..#.#
#..##.##..#.#
............#
...##.##. ...
†.....# ....


There were no monsters in sight!

Vanquished Creatures
  A two-headed ogre (D:4)
  Menkaure (D:5)
  Duvessa (D:5)
  An ice beast (D:5)
  A scorpion (D:4)
  Dowan (D:5)
  A jelly (D:4)
  3 orc priests
  A bullfrog skeleton (D:4)
  3 orc wizards
  An iguana (D:5)
  11 gnolls
  5 adders
  3 worms
  13 orcs
  4 endoplasms
  5 giant cockroaches
  6 goblins
  8 hobgoblins
  15 jackals
  7 quokkas
  5 ball pythons
  6 bats
  3 frilled lizards
  6 kobolds
  3 rats (D:3)
115 creatures vanquished.

Notes
Turn   | Place    | Note
-------+----------+-------------------------------------------
     0 | D:1      | Toastz the Minotaur Berserker began the quest for the Orb.
     0 | D:1      | Reached XP level 1. HP: 19/19 MP: 0/0
   291 | D:1      | Reached skill level 4 in Long Blades
   297 | D:1      | Reached XP level 2. HP: 27/27 MP: 1/1
  1009 | D:2      | Reached XP level 3. HP: 23/33 MP: 2/2
  1160 | D:2      | Reached ** piety under Trog
  1330 | D:2      | Found a faded altar of an unknown god.
  1408 | D:2      | Reached skill level 5 in Long Blades
  1909 | D:3      | Reached XP level 4. HP: 30/41 MP: 3/3
  2161 | D:3      | Reached skill level 6 in Long Blades
  2293 | D:3      | Reached XP level 5. HP: 47/47 MP: 4/4
  2296 | D:3      | Reached skill level 5 in Fighting
  2974 | D:4      | Reached *** piety under Trog
  3102 | D:4      | Reached skill level 7 in Long Blades
  3126 | D:4      | Reached XP level 6. HP: 35/56 MP: 5/5
  3748 | D:4      | Noticed a two-headed ogre
  3757 | D:4      | Killed a two-headed ogre
  3758 | D:4      | Reached skill level 9 in Long Blades
  3758 | D:4      | Reached XP level 7. HP: 55/66 MP: 6/6
  3758 | D:4      | Reached XP level 8. HP: 61/73 MP: 7/7
  4004 | D:4      | Identified the +2 war axe "Kuroam" {venom, Will+}
  4190 | D:4      | Reached skill level 10 in Long Blades
  4369 | D:5      | Entered Level 5 of the Dungeon
  4371 | D:5      | Noticed Menkaure
  4380 | D:5      | Killed Menkaure
  4471 | D:5      | Noticed Dowan
  4472 | D:5      | Noticed Duvessa
  4477 | D:5      | Reached **** piety under Trog
  4487 | D:5      | Killed Duvessa
  4497 | D:5      | Killed Dowan
  4500 | D:5      | HP: 3/74 [poisoned by Dowan]
  4502 | D:5      | Gained mutation: You tend to lose your temper in combat.
                  | [potion of mutation]
  4502 | D:5      | Gained mutation: Your mind is acute. (Int +2) [potion of
                  | mutation]
  4502 | D:5      | Gained mutation: You expend magic power (3 MP) to
                  | strengthen your wands. [potion of mutation]
  4502 | D:5      | Gained mutation: You have a somewhat thin skeletal
                  | structure. (Dex +2, Stealth+) [potion of mutation]
  4502 | D:5      | HP: 1/74 [poisoned by Dowan]
  4504 | D:5      | Succumbed to Dowan's poison

Illustrated notes

Levels and vault maps discovered:
D:1:      pf_arrival_petrified_forest, layout_basic, serial_rivers,
          chequers_serial_rivers_large_b, chequers_serial_rivers_micro_e,
          chequers_serial_rivers_small_a, chequers_serial_rivers_micro_a,
          minmay_stone_trees_medium, minmay_pentomino_v4
D:2:      layout_rooms, ebering_ecumenical_altar_box
D:3:      layout_basic, grunt_ministairs_5
D:4:      layout_basic, serial_corexii_hall, corexii_hall_statues_x,
          corexii_hall_statues_deadend
D:5:      layout_loops_ring, nicolae_gozag_cash_rules_everything_around_me,
          enter_ossuary_4, uniq_menkaure, uniq_grinder, uniq_duvessa

Skill      XL: |  1  2  3  4  5  6  7  8 |
---------------+-------------------------+-----
Long Blades    | 4 5 6 7 9 10 | 10.5
Fighting       | 4 5 7 8 |  8.2
Armour         | 4 |  4.2
Dodging        | |  2.1

Action                   |  1- 3 |  4- 6 |  7- 9 || total
-------------------------+-------+-------+-------++-------
Melee: Falchion          |    73 |   116 |    31 ||   220
       Headbutt          |    12 |    17 |     5 ||    34
 Fire: Hunting sling     |     2 |    10 |       ||    12
Throw: Stone             |    23 |    56 |       ||    79
       Javelin           |       |       |     8 ||     8
Invok: Berserk           |     3 |     3 |     2 ||     8
  Use: Scroll            |       |     6 |       ||     6
       Potion            |       |       |     7 ||     7
Armor: Chain mail        |     4 |       |       ||     4
       Ring mail         |    24 |    41 |     7 ||    72
       Animal skin       |     1 |       |       ||     1
Dodge: Dodged            |    57 |    41 |    14 ||   112
       Rpst.: Falchion   |    18 |    15 |     3 ||    36

Table legend: (Time is in decaauts)
 A = Elapsed time spent in this place.
 B = Non-inter-level travel time spent in this place.
 C = Inter-level travel time spent in this place.
 D = Time resting spent in this place.
 E = Time spent auto-exploring this place.
 F = Levels seen in this place.
 G = Mean time per level.
                   A        B        C        D        E       F      G
               +--------+--------+--------+--------+--------+-----+--------+
         Total |   4612 |   4400 |    212 |    753 |   3047 |   5 |  922.4 |
       Dungeon |   4612 |   4400 |    212 |    753 |   3047 |   5 |  922.4 |
               +--------+--------+--------+--------+--------+-----+--------+

Top non-repeatable levels by time:
     D:4: 1531 daAuts
     D:3: 1218 daAuts
     D:1: 952 daAuts
     D:2: 771 daAuts
     D:5: 139 daAuts
